 Dungeon Crawl Stone Soup version 0.28.0-53-g5a82cb258f (webtiles) character file.

Game seed: 14898406519055076872

9 protoss039 the Digger (level 2, 20/20 HPs)
             Began as a Demonspawn Earth Elementalist on June 2, 2022.
             Got out of the dungeon alive.
             The game lasted 00:00:42 (833 turns).

protoss039 the Digger (DsEE)                         Turns: 833, Time: 00:00:42

Health: 20/20      AC:  2    Str:  8    XL:     2   Next: 6%
Magic:  5/5        EV: 12    Int: 16    God:
Gold:   21         SH:  0    Dex: 15    Spells: 4/5 levels left

rFire   . . .      SeeInvis .   d - +0 short sword
rCold   . . .      Faith    .   (no shield)
rNeg    . . .      Spirit   .   b - +0 robe
rPois   .          Reflect  .   (no helmet)
rElec   .          Harm     .   (no cloak)
rCorr   .          Rampage  .   (no gloves)
Will    .....                   (no boots)
Stlth   +++.......              (no amulet)
HPRegen 0.06/turn               (no ring)
MPRegen 0.09/turn               (no ring)

@: no status effects
A: thin skeletal structure 1
a: no special abilities


You escaped.
You visited 1 branch of the dungeon, and saw 1 of its levels.

You collected 21 gold pieces.

Inventory:

Hand Weapons
 d - a +0 short sword (weapon)
Missiles
 c - 28 stones
Armour
 b - a +0 robe (worn)
Scrolls
 e - a scroll of holy word {unknown}
Potions
 a - 2 potions of heal wounds {unknown}


   Skills:
 * Level 0.9 Fighting
 + Level 0.3 Armour
 - Level 1.7 Dodging
 - Level 1.7 Stealth
 + Level 2.1 Spellcasting
 - Level 1.0 Transmutations
 + Level 2.8 Earth Magic


You had 4 spell levels left.
You knew the following spells:

 Your Spells              Type           Power      Damage    Failure   Level
a - Sandblast             Erth           20%        2d7       6%          1

Your spell library contained the following spells:

 Spells                   Type           Power      Damage    Failure   Level
 Passwall                 Tmut/Erth      5%         N/A       14%         2
 Stone Arrow              Conj/Erth      12%        3d7       34%         3
 Petrify                  Tmut/Erth      7%         N/A       67%         4


Dungeon Overview and Level Annotations

Branches:
Dungeon (1/15)

Altars:


Innate Abilities, Weirdness & Mutations

You have a somewhat thin skeletal structure. (Dex +2, Stealth+)


Message History

You barely miss the hobgoblin. The hobgoblin barely misses you.
You hit the hobgoblin.
The hobgoblin is severely wounded.
The hobgoblin closely misses you.
Unknown command.
You closely miss the hobgoblin.
The hobgoblin is severely wounded.
The hobgoblin hits you.
You hit the hobgoblin.
You kill the hobgoblin!
You have reached level 2!
Your demonic ancestry asserts itself...
Your bones become slightly less dense.
No target in view!
Unknown command.
Unknown command.
Search for what [? for help]? .
You open the door.
There is an open door here.
Found a faded altar of an unknown god.
A bat comes into view.
A bat is nearby!
The bat barely misses you.
You hit the bat.
The bat is severely wounded.
The bat hits you.
Unknown command.
The bat barely misses you. The bat hits you but does no damage.
Unknown command.
You hit the bat.
You kill the bat!
Unknown command.
No target in view!
Unknown command.
No target in view!
You see here a hobgoblin skeleton.
There is a staircase leading out of the dungeon here.
Unknown command.
Are you sure you want to leave the Dungeon?
This will make you lose the game!
You have escaped!

#.#.##.....#######
#.#.##.##.⌠.....>#
#.#.##.##...♣♣♣..##
####.#.##.##.♣♣♣♣♣♣♣.##
..........#.♣♣♣∩∩∩♣♣♣.##
####.#...#...♣∩...∩♣♣..#
#.##.###.#.♣♣......♣♣♣.#
#......#.#.♣♣∩.♣.♣.∩♣♣.#
..##.#.#.#.♣♣∩.♣@♣.....#
.....#.#.#.♣♣∩.♣.♣.∩♣♣.#
.....#.#.#.♣♣♣.....♣♣♣.#
....>#.#.#....∩...∩♣♣..#
#....#.#.#...♣♣∩∩∩♣♣♣.##
#....#.#.#...♣♣♣♣♣♣♣.##
#..#.#.#.......♣♣♣...#
#..#...#.....⌠.....>.#
#########....####....#


There were no monsters in sight!

Vanquished Creatures
  An endoplasm (D:1)
  3 hobgoblins (D:1)
  2 bats (D:1)
  A frilled lizard (D:1)
  2 kobolds (D:1)
  A rat (D:1)
10 creatures vanquished.

Notes
Turn   | Place    | Note
-------+----------+-------------------------------------------
     0 | D:1      | protoss039 the Demonspawn Earth Elementalist began the
                  | quest for the Orb.
     0 | D:1      | Reached XP level 1. HP: 13/13 MP: 3/3
    64 | D:1      | Reached skill level 1 in Transmutations
   526 | D:1      | Gained mutation: You have a somewhat thin skeletal
                  | structure. (Dex +2, Stealth+) [demonic ancestry]
   526 | D:1      | Reached XP level 2. HP: 12/20 MP: 5/5
   725 | D:1      | Found a faded altar of an unknown god.
   833 | D:$      | Got out of the dungeon alive.

Illustrated notes

Levels and vault maps discovered:
D:1:      heliophobic_arrival_henge, layout_basic,
          hellmonk_ecumenical_altar_leap_of_faith

Skill      XL: |  1 |
---------------+----+-----
Transmutations | 1 |  1.0
Fighting       | |  0.9
Armour         | |  0.3
Dodging        | |  1.7
Stealth        | |  1.7
Spellcasting   | |  2.1
Earth Magic    | |  2.8

Action                   || total
-------------------------++-------
Melee: Short sword       ||    21
 Cast: Sandblast         ||     4
 Stab: Sleeping          ||     1
Armor: Robe              ||     2
Dodge: Dodged            ||    15
